 Dungeon Crawl Stone Soup version 0.30-a0-475-g03497ec522 (webtiles) character file.

Game seed: 1556392290091758963

0 Pilgrim the Chopper (level 1, -1/20 HPs)
             Began as a Hill Orc Berserker on Dec 20, 2022.
             Was a Follower of Trog.
             Slain by a hobgoblin (2 damage)
             ... on level 1 of the Dungeon.
             The game lasted 00:00:19 (50 turns).

Pilgrim the Chopper (Hill Orc Berserker)              Turns: 50, Time: 00:00:19

Health: -1/20      AC:  2    Str: 19    XL:     1   Next: 10%
Magic:  1/1        EV: 11    Int:  7    God:    Trog [*.....]
Gold:   0          SH:  0    Dex: 10    Spells: 0/0 levels left

rFire   . . .      SeeInvis .    a - +0 hand axe
rCold   . . .      Faith    .    (no shield)
rNeg    . . .      Spirit   .    b - +0 animal skin
rPois   .          Reflect  .    (no helmet)
rElec   .          Harm     .    (no cloak)
rCorr   .          Rampage  .    (no gloves)
Will    .....                    (no boots)
Stlth   +.........               (no amulet)
HPRegen 0.23/turn                (no ring)
MPRegen 0.07/turn                (no ring)

@: no status effects
A: no striking features
a: Renounce Religion, Berserk


You were on level 1 of the Dungeon.
You worshipped Trog.
Trog was aware of your devotion.
You visited 1 branch of the dungeon, and saw 1 of its levels.

Inventory:

Hand Weapons
 a - a +0 hand axe (weapon)
Armour
 b - a +0 animal skin (worn)
Scrolls
 c - a scroll of noise {unknown}
 d - a scroll of identify {unknown}


   Skills:
 + Level 3.7 Fighting
 + Level 4.0 Axes
 + Level 2.1 Armour
 + Level 1.5 Dodging


You couldn't memorise any spells.
You didn't know any spells.
Your spell library was empty.

Dungeon Overview and Level Annotations

Branches:
Dungeon (1/15)

Altars:


Message History

The kobold hits you with a +0 dagger.
You closely miss the hobgoblin. You hit the kobold but do no damage.
The kobold hits you with a +0 dagger. The hobgoblin hits you.
You hit the hobgoblin but do no damage. You hit the kobold.
The kobold hits you with a +0 dagger. The hobgoblin barely misses you.
The ball python bites you. The ball python barely misses you.
You hit the hobgoblin.
The hobgoblin is lightly wounded.
You hit the ball python. You hit the kobold but do no damage.
The ball python closely misses you. The ball python grabs you.
The ball python constricts you. The kobold barely misses you.
The hobgoblin closely misses you.
You escape the ball python's grasp.
The ball python attacks as you move away!
The ball python closely misses you. The ball python barely misses you.
The kobold attacks as you move away! The kobold barely misses you.
You hit the kobold but do no damage.
The kobold is severely wounded.
The kobold barely misses you.
You barely miss the kobold.
The kobold is severely wounded.
The kobold hits you with a +0 dagger.
You closely miss the kobold.
The kobold is severely wounded.
The kobold closely misses you.
You hit the kobold.
You kill the kobold!
Trog accepts your kill.
You hit the hobgoblin but do no damage.
The hobgoblin is lightly wounded.
The hobgoblin hits you.
You hit the hobgoblin but do no damage. The hobgoblin closely misses you.
The hobgoblin hits you.
* * * LOW HITPOINT WARNING * * *
You hit the hobgoblin but do no damage. The hobgoblin hits you.
* * * LOW HITPOINT WARNING * * *
You hit the hobgoblin.
The hobgoblin is heavily wounded.
The hobgoblin hits you.
You die...

.#......#.###+###
.#......#.#≈~≈~≈# . .#
#....#.#~≈~≈~# ..
.#.##...#.#≈~≈~≈# ..
.# .....#.#≈≈~≈≈# ##.#
.#####..#.###'####...#
<..................#
.#####..#.#......###
.#⌠.....#...####@###
.#.##...##### #.gS## .
.#.#....#
...#####..#....
.#......#
#..............
.#......#
###.$..........
.#....:##
#......#.....
......#.#
#.......#.....
.....#..# ...#.....#
.... .########
.####.....# ....


You could see a hobgoblin and a ball python.

Vanquished Creatures
  A kobold (D:1)
1 creature vanquished.

Notes
Turn   | Place    | Note
-------+----------+-------------------------------------------
     0 | D:1      | Pilgrim the Hill Orc Berserker began the quest for the Orb.
     0 | D:1      | Reached XP level 1. HP: 19/19 MP: 1/1
    49 | D:1      | HP: 1/20 [hobgoblin (2)]
    50 | D:1      | Slain by a hobgoblin

Illustrated notes

Levels and vault maps discovered:
D:1:      matt_arrival_grand_opening, layout_rooms, serial_rivers,
          chequers_serial_rivers_room_b, chequers_serial_rivers_marsh,
          chequers_serial_rivers_small_3, chequers_serial_rivers_micro_c

Action                   || total
-------------------------++-------
Melee: Hand axe          ||    12
Dodge: Dodged            ||    11

Table legend: (Time is in decaauts)
 A = Elapsed time spent in this place.
 B = Non-inter-level travel time spent in this place.
 C = Inter-level travel time spent in this place.
 D = Time resting spent in this place.
 E = Time spent auto-exploring this place.
 F = Levels seen in this place.
 G = Mean time per level.
                   A        B        C        D        E       F      G
               +--------+--------+--------+--------+--------+-----+--------+
         Total |     51 |     51 |      0 |      0 |     30 |   1 |   51.0 |
       Dungeon |     51 |     51 |      0 |      0 |     30 |   1 |   51.0 |
               +--------+--------+--------+--------+--------+-----+--------+

Top non-repeatable levels by time:
     D:1: 51 daAuts
